Map: Cyber Forest LE

Players

GridiroN

  • Race: Protoss Protoss
  • League: Platinum
  • Spawn Location: 5:00

Archcamus - Winner!

  • Race: Terran Terran
  • League: Platinum
  • Spawn Location: 11:00

VOD

Have the link to the VOD?

Description

Time

  • Played on: April 2, 2019, 8:51 p.m.
  • Length: 21:11
Show
View Real Time Build Order
Export as new Build Order

GridiroN Protoss 

Build Orders:  

Get SALT Encoding   

  12  0:01  Probe  
  13  0:13  Probe  
  14  0:20  Pylon  
  14  0:23  Pylon  
  14  0:25  Probe  
  15  0:40  Probe  
  15  0:41  Gateway  
  15  0:48  Probe  
  17  0:57  Probe  
  17  1:04  Gateway  
  18  1:05  Probe  
  18  1:06  Assimilator  
  19  1:14  Probe  
  19  1:18  Assimilator  
  20  1:27  Probe  
  21  1:40  Cybernetics Core, Probe  
  22  1:52  Probe  
  23  2:07  Nexus  
  23  2:14  Pylon  
  23  2:16  Warp Gate  
  23  2:26  Adept  
  23  2:32  Adept  
  23  2:35  Probe  
  28  2:48  Probe  
  26  3:00  Probe  
  26  3:02  Pylon  
  27  3:10  Probe  
  27  3:14  Robotics Facility  
  27  3:18  Probe  
  28  3:22  Adept x2  
  28  3:26  Probe  
  34  3:36  Probe  
  34  3:37  Twilight Council  
  34  3:39  Probe  
  37  3:48  Probe  
  37  3:51  Probe  
  38  4:00  Probe  
  39  4:03  Probe  
  39  4:06  Observer  
  41  4:12  Gateway x2  
  41  4:13  Probe  
  41  4:14  Probe  
  41  4:15  Charge  
  41  4:21  Probe  
  41  4:22  Probe  
  43  4:26  Pylon  
  45  4:37  Immortal  
  49  4:39  Probe  
  49  4:44  Assimilator  
  50  4:51  Probe  
  50  4:52  Forge  
  51  4:56  Pylon  
  51  5:09  Probe x2  
  53  5:21  Probe x2  
  55  5:34  Robotics Facility, Photon Cannon  
  55  5:36  Shield Battery  
  55  5:37  Protoss Ground Weapons Level 1  
  55  5:39  Pylon  
  55  5:44  Assimilator, Immortal  
  59  5:54  Dark Shrine  
  59  5:58  Pylon  
  59  6:01  Gateway  
  59  6:09  Stalker  
  59  6:10  Stalker x3  
  58  6:28  Probe x2  
  60  6:36  Probe  
  60  6:37  Probe  
  60  6:41  Nexus  
  60  6:45  Probe  
  62  6:50  Pylon  
  62  6:57  Stalker x2  
  62  7:04  Probe  
  62  7:05  Probe  
  62  7:14  Probe  
  62  7:17  Probe  
  62  7:22  Probe  
  64  7:29  Probe  
  66  7:31  Probe  
  67  7:40  Adept x3  
  67  7:41  Probe  
  67  7:43  Probe  
  74  7:53  Probe  
  74  7:55  Probe, Immortal x2  
  74  8:05  Probe x2  
  82  8:09  Photon Cannon  
  84  8:15  Probe  
  85  8:23  Dark Templar  
  85  8:24  Dark Templar  
  89  8:33  Photon Cannon  
  89  8:35  Photon Cannon  
  89  8:36  Shield Battery  
  89  8:41  Warp Prism  
  89  8:46  Probe x2  
  89  8:47  Probe  
  94  8:56  Dark Templar  
  94  8:58  Probe x2  
  94  8:59  Probe  
  94  9:01  Dark Templar  
  101  9:10  Probe x2  
  101  9:11  Probe  
  101  9:16  Zealot x2  
  108  9:22  Gateway  
  108  9:23  Gateway  
  108  9:25  Gateway  
  108  9:29  Pylon  
  108  9:34  Probe  
  109  9:40  Probe  
  104  9:47  Photon Cannon  
  104  9:56  Immortal x2  
  112  10:04  Templar Archives  
  112  10:05  Assimilator, Probe x2  
  112  10:06  Probe  
  115  10:09  Protoss Ground Armor Level 1  
  115  10:15  Zealot  
  115  10:21  Pylon  
  117  10:26  Pylon  
  117  10:27  Pylon  
  113  10:37  Dark Templar x2  
  117  10:47  Dark Templar  
  117  10:48  Dark Templar x2  
  123  10:50  Dark Templar x3  
  123  10:53  Pylon  
  129  10:57  Pylon  
  117  11:22  Probe x2  
  117  11:24  Assimilator, High Templar  
  117  11:25  High Templar x6  
  123  11:26  High Templar  
  129  11:42  Archon x3  
  129  11:43  Nexus, Archon  
  129  11:45  Pylon  
  129  11:47  Pylon  
  129  11:53  Psionic Storm  
  129  11:54  Pylon  
  129  12:07  Assimilator  
  129  12:11  Assimilator  
  129  12:13  Immortal x2  
  129  12:14  Dark Templar x2  
  129  12:15  Dark Templar  
  141  12:16  Pylon  
  141  12:17  Zealot x4  
  141  12:18  Zealot, Pylon  
  115  12:45  Dark Templar x2  
  115  12:46  Dark Templar x2  
  95  12:55  Immortal  
  75  13:12  Stalker x3  
  81  13:20  Gateway x2  
  81  13:22  Gateway  
  81  13:24  Gateway  
  81  13:26  Gateway  
  81  13:27  Gateway  
  81  13:31  Dark Templar x4  
  89  13:44  Pylon  
  89  13:46  Pylon  
  89  13:48  Photon Cannon  
  89  13:49  Photon Cannon  
  89  13:51  High Templar x2  
  93  13:59  Archon  
  85  14:06  Dark Templar x2  
  77  14:19  Immortal x2  
  77  14:20  Zealot x2  
  77  14:21  Zealot x5  
  91  14:27  Dark Templar  
  70  14:47  Zealot x4  
  70  14:48  Zealot x4  
  86  14:57  Probe, Immortal  
  86  14:58  Probe  
  86  14:59  Probe  
  89  15:01  Immortal  
  97  15:21  High Templar  
  97  15:22  High Templar x3  
  97  15:24  High Templar  
  105  15:30  Archon  
  105  15:31  Archon  
  105  15:37  Probe x3  
  108  15:49  Probe x3  
  111  15:59  Dark Templar x3  
  111  16:00  Dark Templar  
  111  16:01  Probe x3  
  87  16:13  Probe  
  87  16:14  Probe x2  
  77  16:19  Dark Templar x2  
  81  16:31  Zealot  
  81  16:32  Zealot x6  
  73  16:43  Zealot x2  
  77  16:51  Immortal x2, Probe x3  
  82  17:12  Nexus  
  82  17:20  Pylon  
  82  17:23  Pylon  
  82  17:26  Assimilator  
  82  17:27  Assimilator  
  82  17:28  High Templar  
  82  17:29  High Templar x5  
  94  17:31  Zealot x3  
  94  17:33  Archon x3  
  100  17:43  Immortal  
  100  17:45  Immortal  
  100  17:47  Dark Templar x2  
  86  18:28  Zealot x4  
  86  18:29  Zealot x2  
  70  18:58  Dark Templar x4  
  70  18:59  Dark Templar x2  
  80  19:09  Dark Templar  
  76  19:31  Zealot x5  
  35  20:07  Dark Templar  
  35  20:08  Zealot x3  
  35  20:09  Zealot  
Show
View Real Time Build Order
Export as new Build Order

Archcamus Terran - Winner!

Build Orders: Reaper Expand, Mech 

Get SALT Encoding   

  12  0:02  SCV  
  14  0:14  SCV  
  14  0:17  Supply Depot  
  14  0:26  SCV  
  15  0:39  SCV  
  15  0:40  Barracks  
  16  0:46  Refinery  
  16  0:51  SCV  
  17  1:03  SCV  
  18  1:15  SCV  
  19  1:33  Reaper  
  19  1:35  Orbital Command  
  19  1:36  Refinery  
  20  1:52  Command Center  
  20  2:02  SCV  
  21  2:14  SCV  
  22  2:26  Reaper  
  22  2:29  Factory  
  23  2:35  Supply Depot  
  23  2:57  SCV  
  25  3:02  Supply Depot  
  23  3:09  Orbital Command, SCV  
  23  3:11  Barracks Reactor  
  23  3:12  Bunker  
  24  3:16  Supply Depot  
  24  3:20  Factory Tech Lab  
  24  3:21  SCV  
  25  3:33  SCV  
  26  3:38  SCV  
  26  3:39  Supply Depot  
  27  3:45  Siege Tank, SCV  
  31  3:50  SCV  
  32  3:57  SCV  
  32  3:59  Starport  
  32  4:15  Supply Depot  
  32  4:17  Supply Depot  
  32  4:20  Supply Depot  
  32  4:22  Marine  
  33  4:26  SCV  
  33  4:28  SCV  
  35  4:35  Factory  
  35  4:37  Liberator  
  35  4:38  Factory, SCV  
  36  4:40  Refinery, SCV  
  36  4:41  Refinery  
  36  4:44  Siege Tank  
  40  4:46  Mag-Field Accelerator  
  40  4:57  SCV  
  44  5:02  SCV  
  45  5:09  SCV  
  45  5:14  SCV  
  47  5:20  Liberator  
  47  5:21  SCV  
  47  5:23  Factory Tech Lab  
  47  5:24  Hellion  
  47  5:25  Hellion  
  47  5:26  Siege Tank  
  55  5:28  SCV  
  55  5:33  SCV  
  60  5:46  Hellion  
  60  5:48  SCV x2  
  64  5:58  Hellion x2  
  64  6:00  SCV  
  64  6:01  SCV  
  64  6:04  Liberator  
  70  6:10  Command Center  
  70  6:12  SCV  
  70  6:13  SCV  
  72  6:24  SCV  
  72  6:25  SCV  
  70  6:31  Siege Tank, Hellion x3  
  79  6:36  SCV  
  79  6:37  Engineering Bay  
  80  6:50  Armory  
  80  6:52  Siege Tank  
  80  6:53  Armory  
  83  7:03  Siege Tank  
  83  7:15  Hellion x2  
  87  7:25  Hellion  
  87  7:26  Command Center  
  89  7:32  Supply Depot  
  89  7:33  SCV  
  89  7:36  Hellion  
  92  7:46  Siege Tank  
  92  7:49  Orbital Command  
  92  7:50  SCV x2  
  95  7:57  Siege Tank  
  89  8:02  SCV  
  89  8:04  SCV  
  91  8:07  Refinery, Orbital Command  
  91  8:09  Starport Reactor  
  91  8:10  Refinery  
  91  8:14  SCV  
  91  8:16  SCV  
  91  8:18  Siege Tank  
  96  8:21  Sensor Tower  
  96  8:24  Hellion  
  96  8:26  SCV  
  99  8:28  SCV  
  99  8:29  Siege Tank  
  99  8:31  Liberator  
  103  8:38  SCV  
  105  8:42  Hellion  
  105  8:46  Hellion  
  111  8:50  Siege Tank, Factory  
  111  8:51  Factory  
  111  8:53  SCV x2  
  111  8:54  SCV  
  117  9:01  Terran Vehicle Weapons Level 1, Siege Tank, Terran Vehicle And Ship Armor Level 1  
  120  9:03  Hellion  
  120  9:05  SCV x2  
  120  9:06  SCV  
  120  9:07  Hellion  
  127  9:17  SCV  
  128  9:24  SCV  
  128  9:25  SCV  
  128  9:30  SCV  
  131  9:35  Infernal Pre-Igniter  
  131  9:37  Factory Tech Lab, SCV  
  131  9:38  Factory Reactor  
  130  9:39  Widow Mine  
  130  9:40  Cyclone  
  130  9:41  Cyclone  
  130  9:44  Missile Turret  
  128  9:49  Missile Turret  
  128  9:52  Missile Turret  
  128  9:55  Viking x2  
  132  10:01  Missile Turret  
  132  10:03  Missile Turret  
  132  10:05  Siege Tank, Widow Mine, SCV  
  132  10:06  Planetary Fortress  
  138  10:17  SCV  
  139  10:27  SCV  
  140  10:35  Siege Tank  
  140  10:41  Supply Depot  
  140  10:43  Supply Depot  
  140  10:56  Starport Reactor  
  140  11:02  Siege Tank  
  140  11:03  Hellion x3  
  148  11:22  SCV  
  148  11:23  Siege Tank, Hellion  
  148  11:24  Hellion  
  156  11:47  Missile Turret  
  156  11:56  Supply Depot  
  156  11:58  Supply Depot x2  
  156  12:00  Missile Turret  
  156  12:18  Siege Tank x2, SCV x2  
  156  12:19  Siege Tank  
  156  12:20  Hellion x2  
  156  12:21  Missile Turret  
  156  12:22  Hellion x2  
  175  12:23  Missile Turret  
  175  12:24  Supply Depot  
  175  12:25  SCV  
  176  12:30  Fusion Core, SCV x3  
  179  12:37  SCV  
  179  12:41  Hellion  
  179  12:42  SCV x2  
  163  12:50  Siege Tank x2  
  146  12:51  Siege Tank  
  146  12:58  Hellion x2, SCV  
  138  12:59  Hellion  
  138  13:02  Hellion  
  138  13:03  SCV  
  138  13:05  SCV  
  138  13:10  SCV  
  133  13:15  Factory  
  137  13:20  Hellion x3, Factory  
  137  13:22  Siege Tank x2, Factory  
  137  13:23  Cyclone  
  137  13:24  Hellion  
  150  13:41  Hellion x3  
  150  13:45  Hellion  
  154  13:54  Siege Tank, Cyclone  
  158  13:56  Siege Tank  
  152  14:02  Hellion  
  152  14:03  Hellion x2, SCV  
  132  14:25  Orbital Command  
  132  14:26  Siege Tank x2  
  132  14:27  Viking  
  132  14:28  Siege Tank, SCV  
  132  14:29  Hellion  
  134  14:40  Starport  
  134  14:43  Starport  
  118  14:53  Hellion x5  
  118  14:54  Hellion  
  118  14:56  Viking  
  118  14:58  Siege Tank x2, Hellion  
  138  15:00  Siege Tank  
  138  15:03  SCV  
  138  15:04  SCV  
  138  15:06  Refinery x2  
  143  15:07  SCV  
  143  15:08  SCV  
  147  15:14  Hellion  
  147  15:16  SCV  
  147  15:20  Hellion x2  
  152  15:25  Missile Turret  
  152  15:26  Viking  
  154  15:31  Siege Tank x2  
  154  15:32  Siege Tank  
  154  15:33  Factory Reactor, Hellion, Factory Tech Lab  
  165  15:37  SCV x2  
  167  15:56  Viking  
  169  16:03  Siege Tank x2  
  161  16:04  Siege Tank  
  144  16:13  Siege Tank, Hellion x6  
  144  16:14  Hellion  
  155  16:23  Starport Tech Lab  
  155  16:24  Starport Reactor  
  155  16:28  Starport Tech Lab  
  155  16:29  Starport  
  155  16:31  SCV  
  149  16:34  Hellion x2  
  149  16:35  Siege Tank x2  
  149  16:38  Hellion x2  
  157  16:48  Refinery  
  157  16:50  SCV  
  155  16:56  Raven x2  
  155  16:59  Hellion  
  161  17:24  SCV  
  161  17:25  Command Center  
  162  17:32  Terran Vehicle Weapons Level 2  
  162  17:33  Terran Vehicle And Ship Armor Level 2  
  162  17:39  Raven x2, Widow Mine x2  
  170  17:47  Hellion  
  170  17:48  Hellion x3  
  172  18:40  Siege Tank, Hellion x2  
  167  18:55  Siege Tank x2, Hellion x3, Cyclone  
  184  18:56  Hellion x2  
  186  19:09  Hellion x2  
  190  19:12  Cyclone  
  190  19:16  Hellion  
  195  19:19  SCV x2  
  195  19:20  Hellion  
  199  19:37  SCV  
  156  20:14  Hellion x2, Cyclone x2  
  156  20:15  Hellion x5, Cyclone  
  177  20:37  SCV  
  178  20:43  SCV x2  
  178  20:49  SCV  
  185  20:57  Command Center, SCV x2  
Tags
 
Composition
Mech
Matchup
PvT
Spawn Locations
Cross Positions
Add a new tag
Caveats
  • Supply blocks, unpowered buildings, or Contaminate may cause inaccurate times.
  • Supply counts are checked every 10 seconds.